 Dungeon Crawl Stone Soup version 0.29.0-5-ge4962eb29e (webtiles) character file.

Game seed: 3381153143030630567

134 themarg the Ducker (level 5, -15/43 HPs)
             Began as a Gnoll Wanderer on Aug 28, 2022.
             Was a Follower of Uskayaw.
             Demolished by an ogre
             ... wielding a +0 giant club
              (17 damage)
             ... on level 3 of the Dungeon.
             The game lasted 00:08:15 (2301 turns).

themarg the Ducker (Gnoll Wanderer)                 Turns: 2301, Time: 00:08:16

Health: -15/43     AC:  5    Str: 11    XL:     5   Next: 17%
Magic:  7/7        EV: 14    Int: 10    God:    Uskayaw [*.....]
Gold:   84         SH:  5    Dex: 15    Spells: 6/6 levels left

rFire   . . .      SeeInvis .   l - +2 short sword (speed)
rCold   . . .      Faith    .   d - +0 buckler
rNeg    . . .      Spirit   .   c - +0 leather armour
rPois   .          Reflect  .   i - +0 helmet
rElec   .          Harm     .   (no cloak)
rCorr   .          Rampage  .   (no gloves)
Will    .....                   y - +0 pair of boots
Stlth   ++........              u - amulet of magic regeneration
HPRegen 0.14/turn               (no ring)
MPRegen 0.50/turn               (no ring)

@: no status effects
A: fangs 1, strong nose, distributed training
a: Renounce Religion, Stomp


You were on level 3 of the Dungeon.
You worshipped Uskayaw.
Uskayaw was noncommittal.
You visited 1 branch of the dungeon, and saw 3 of its levels.

You collected 84 gold pieces.

Inventory:

Hand Weapons
 l - a +2 short sword of speed (weapon)
 o - a +2 whip of venom
 D - a +2 dagger of draining
Missiles
 b - 3 throwing nets (quivered)
 n - 8 poisoned darts
Armour
 c - a +0 leather armour (worn)
 d - a +0 buckler (worn)
 i - a +0 helmet (worn)
 y - a +0 pair of boots (worn)
Jewellery
 u - an amulet of magic regeneration (around neck)
 z - a ring of fire
Scrolls
 e - a scroll of fog
 g - 2 scrolls of immolation {unknown}
 h - a scroll of summoning {unknown}
 j - a scroll of enchant armour {unknown}
 k - 4 scrolls of identify
 q - 2 scrolls of noise {unknown}
 v - a scroll of fear {unknown}
 A - 2 scrolls of blinking {unknown}
 B - a scroll of torment {unknown}
 C - a scroll of brand weapon {unknown}
 F - a scroll of vulnerability {unknown}
Potions
 a - a potion of mutation {unknown}
 f - a potion of berserk rage {unknown}
 m - a potion of lignification {unknown}
 p - a potion of curing {unknown}
 r - 2 potions of haste
 s - a potion of resistance {unknown}
 t - a potion of attraction {unknown}
 w - a potion of might {unknown}
 x - a potion of invisibility {unknown}
 E - a potion of heal wounds {unknown}


   Skills:
 + Level 4.7 Fighting
 + Level 1.4 Short Blades
 + Level 4.7 Long Blades
 + Level 1.4 Axes
 + Level 1.4 Maces & Flails
 + Level 1.4 Polearms
 + Level 1.4 Staves
 + Level 1.4 Ranged Weapons
 + Level 1.4 Throwing
 + Level 2.9 Armour
 + Level 6.7 Dodging
 + Level 2.7 Stealth
 + Level 2.9 Shields
 + Level 1.4 Unarmed Combat
 + Level 1.4 Spellcasting
 + Level 1.1 Conjurations
 + Level 1.1 Hexes
 + Level 1.1 Summonings
 + Level 1.1 Necromancy
 + Level 1.1 Translocations
 + Level 1.1 Transmutations
 + Level 1.1 Fire Magic
 + Level 1.1 Ice Magic
 + Level 1.1 Air Magic
 + Level 1.1 Earth Magic
 + Level 1.1 Poison Magic
 + Level 1.6 Invocations
 + Level 1.4 Evocations


You had 6 spell levels left.
You didn't know any spells.
Your spell library contained the following spells:

 Spells                   Type           Power      Damage    Failure   Level
 Blink                    Tloc           6%         N/A       47%         2
 Lesser Beckoning         Tloc           3%         N/A       71%         3
 Manifold Assault         Tloc           3%         N/A       100%        5


Dungeon Overview and Level Annotations

Branches:
Dungeon (3/15)

Altars:
Uskayaw


Innate Abilities, Weirdness & Mutations

You have very sharp teeth.
Your uncanny sense of smell can sniff out nearby items.
Your experience applies equally to all skills.


Message History

The orc hits you with a +0 mace.
You hit the orc.
You kill the orc!
You start resting.
An ogre is nearby!
You start resting.
A giant cockroach is nearby!
You hit the giant cockroach.
The giant cockroach is severely wounded.
You block the giant cockroach's attack.
You hit the giant cockroach.
You kill the giant cockroach!
You see here a giant cockroach corpse.
The ogre shouts!
You barely miss the ogre. You barely miss the ogre.
The ogre hits you with a +0 giant club!!
Ouch! That really hurt!
You hit the ogre.
The ogre is moderately wounded.
You hit the ogre.
The ogre is moderately wounded.
You block the ogre's attack.
You hit the ogre.
The ogre is moderately wounded.
The ogre hits you with a +0 giant club!
* * * LOW HITPOINT WARNING * * *
As you read the scroll labelled OLOIXI ACUHU, it crumbles to dust.
It is a scroll of identify.
r - 2 potions of haste
Okay, then.
You hit the ogre but do no damage.
The ogre is moderately wounded.
The ogre closely misses you.
You barely miss the ogre.
The ogre is moderately wounded.
You hit the ogre.
The ogre is heavily wounded.
The ogre hits you with a +0 giant club!
You die...

. # #. ## #.##.# .#
... .... .####.#
..###.....##
#.#.......# ## #
#.<.......#.#. .#
#.#.......#.#. ..#
###..@O.......#.###.#
#...#.......#.##)...#
#.###...†...#.......#
#.# #.........##.####
#.# ###..####.##.#
#.# ###..####.##.#
#.# #......##.##.#
#.# #.#..........# ∆
#.###.#.#####..###


You could see an ogre.

Vanquished Creatures
  5 adders (D:2)
  5 dart slugs
  An orc (D:3)
  4 bats (D:1)
  6 endoplasms (D:1)
  4 giant cockroaches
  6 hobgoblins
  9 jackals (D:1)
  3 quokkas
  5 ball pythons
  2 frilled lizards (D:2)
  9 goblins
  6 kobolds
  5 rats
70 creatures vanquished.

Notes
Turn   | Place    | Note
-------+----------+-------------------------------------------
     0 | D:1      | themarg the Gnoll Wanderer began the quest for the Orb.
     0 | D:1      | themarg set off with the following items: a +0 falchion, 3
                  | throwing nets, a +0 leather armour, a +0 buckler, a scroll
                  | of fog.
     0 | D:1      | Reached XP level 1. HP: 20/20 MP: 1/1
   165 | D:1      | Reached XP level 2. HP: 24/26 MP: 2/2
   367 | D:1      | Reached XP level 3. HP: 22/31 MP: 3/3
   685 | D:1      | Reached skill level 1 in Invocations
   982 | D:2      | Reached skill level 1 in Short Blades
   982 | D:2      | Reached skill level 1 in Axes
   982 | D:2      | Reached skill level 1 in Maces & Flails
   982 | D:2      | Reached skill level 1 in Polearms
   982 | D:2      | Reached skill level 1 in Staves
   982 | D:2      | Reached skill level 1 in Ranged Weapons
   982 | D:2      | Reached skill level 1 in Throwing
   982 | D:2      | Reached skill level 1 in Unarmed Combat
   982 | D:2      | Reached skill level 1 in Spellcasting
   982 | D:2      | Reached skill level 1 in Evocations
  1026 | D:2      | Reached XP level 4. HP: 27/38 MP: 5/5
  1311 | D:2      | Reached skill level 1 in Conjurations
  1311 | D:2      | Reached skill level 1 in Hexes
  1311 | D:2      | Reached skill level 1 in Summonings
  1311 | D:2      | Reached skill level 1 in Necromancy
  1311 | D:2      | Reached skill level 1 in Translocations
  1311 | D:2      | Reached skill level 1 in Transmutations
  1311 | D:2      | Reached skill level 1 in Fire Magic
  1311 | D:2      | Reached skill level 1 in Ice Magic
  1311 | D:2      | Reached skill level 1 in Air Magic
  1311 | D:2      | Reached skill level 1 in Earth Magic
  1311 | D:2      | Reached skill level 1 in Poison Magic
  1744 | D:2      | Reached XP level 5. HP: 43/43 MP: 7/7
  1759 | D:2      | Noticed a great orb of eyes
  1760 | D:2      | Found a faded altar of an unknown god.
  1763 | D:2      | Noticed a golden eye
  1763 | D:2      | Noticed a golden eye
  1763 | D:2      | Noticed an eye of devastation
  1827 | D:2      | Prayed at the altar of an unknown god.
  1827 | D:2      | Became a worshipper of Uskayaw the Reveller
  1827 | D:2      | Reached * piety under Uskayaw
  2229 | D:3      | Noticed an ogre
  2297 | D:3      | HP: 1/43 [ogre/+0 giant club (17)]
  2301 | D:3      | Demolished by an ogre

Illustrated notes

Levels and vault maps discovered:
D:1:      ncdulo_lavacross, layout_rooms
D:2:      layout_basic, hellmonk_ecumenical_altar_watching_god,
          minmay_goblin_kobold_house
D:3:      layout_loops_cross, uniq_terence

Skill      XL: |  1  2  3  4 |
---------------+-------------+-----
Invocations    | 1 |  1.6
Short Blades   | 1 |  1.4
Axes           | 1 |  1.4
Maces & Flails | 1 |  1.4
Polearms       | 1 |  1.4
Staves         | 1 |  1.4
Ranged Weapons | 1 |  1.4
Throwing       | 1 |  1.4
Unarmed Combat | 1 |  1.4
Spellcasting   | 1 |  1.4
Evocations     | 1 |  1.4
Conjurations   | 1 |  1.1
Hexes          | 1 |  1.1
Summonings     | 1 |  1.1
Necromancy     | 1 |  1.1
Translocations | 1 |  1.1
Transmutations | 1 |  1.1
Fire Magic     | 1 |  1.1
Ice Magic      | 1 |  1.1
Air Magic      | 1 |  1.1
Earth Magic    | 1 |  1.1
Poison Magic   | 1 |  1.1
Fighting       | |  4.7
Long Blades    | |  4.7
Armour         | |  2.9
Dodging        | |  6.7
Stealth        | |  2.7
Shields        | |  2.9

Action                   |  1- 3 |  4- 6 || total
-------------------------+-------+-------++-------
Melee: Falchion          |    50 |       ||    50
       Bite              |    10 |     7 ||    17
       Short sword       |    86 |   107 ||   193
  Use: Scroll            |       |     1 ||     1
 Stab: Sleeping          |     3 |     3 ||     6
       Distracted        |       |     1 ||     1
Armor: Leather armour    |    34 |    14 ||    48
Dodge: Dodged            |    88 |    39 ||   127
Block: Buckler           |    19 |    15 ||    34
